 Dungeon Crawl Stone Soup version 0.25-a0-346-g140ab784a8 (webtiles) character file.

Game seed: 10752715667522978038, levelgen mode: deterministic

67 BritishOli the Ducker (level 3, -4/28 HPs)
             Began as a Demonspawn Gladiator on Dec 31, 2019.
             Slain by Grinder (5 damage)
             ... on level 3 of the Dungeon.
             The game lasted 00:01:44 (1492 turns).

BritishOli the Ducker (Demonspawn Gladiator)        Turns: 1492, Time: 00:01:45

Health: -4/28      AC:  4    Str: 15    XL:     3   Next: 98%
Magic:  3/3        EV: 13    Int:  9    God:
Gold:   97         SH:  4    Dex: 14    Spells: 2/2 levels left

rFire    . . .     SeeInvis .   a - +0 long sword
rCold    . . .     Gourm    .   (no shield)
rNeg     . . .     Faith    .   b - +0 leather armour
rPois    .         Spirit   .   c - +0 helmet
rElec    .         Reflect  .   (no cloak)
rCorr    .         Harm     .   (no gloves)
MR       .....     Rnd*Tele +   (no boots)
Stlth    +.........             (no amulet)
HPRegen  0.09/turn              e - ring of teleportation (curse)
MPRegen  0.08/turn              j - ring of wizardry

@: no status effects
A: hooves 1, large bone plates 1
a: no special abilities


You were on level 3 of the Dungeon.
You were hungry.

You visited 1 branch of the dungeon, and saw 3 of its levels.

You collected 97 gold pieces.

Inventory:

Hand Weapons
 a - a +0 long sword (weapon)
Missiles
 d - 3 throwing nets (quivered)
Armour
 b - a +0 leather armour (worn)
 c - a +0 helmet (worn)
Jewellery
 e - a cursed ring of teleportation (left hand)
 j - a ring of wizardry (right hand)
 k - an uncursed ring of ice {unknown}
Scrolls
 g - 2 scrolls of fog {unknown}
 h - 2 scrolls of enchant armour {unknown}
 l - a scroll of identify {unknown}
Potions
 i - a potion of lignification {unknown}
Comestibles
 f - a ration


   Skills:
 + Level 2.6 Fighting
 + Level 3.2 Long Blades
 + Level 2.4 Throwing
 + Level 3.2 Dodging


You had 2 spell levels left.
You didn't know any spells.
Your spell library was empty.

Dungeon Overview and Level Annotations

Branches:
Dungeon (3/15)

Altars:

Annotations:
D:3 Grinder


Innate Abilities, Weirdness & Mutations

You have large cloven feet.
You are partially covered in large bone plates. (SH +4)


Message History

You writhe in agony.
You hit Grinder but do no damage. You kick Grinder.
Grinder is lightly wounded.
Grinder closely misses you.
You slash Grinder! Your kick misses Grinder.
Grinder is lightly wounded.
You block Grinder's attack. Grinder gestures at you.
Pain shoots through your body!
* * * LOW HITPOINT WARNING * * *
You barely miss Grinder. You kick Grinder, but do no damage.
Grinder is lightly wounded.
Grinder hits you.
* * * LOW HITPOINT WARNING * * *
You writhe in agony.
* * * LOW HITPOINT WARNING * * *
You barely miss Grinder.
Grinder is lightly wounded.
Grinder hits you.
You die...

######### ###
##.......# #..
....♣...## #### #.#
#..♣.♣...# .....##.#
#.♣._.♣..# #....5.#
#..♣.♣...### #@#
#...♣.......
#.##.#####........###
#..........#.#.####
#######.#.##...#
#.#.####.# #.#.# #.#
#.#.# #.# # #.#.# #.#
# ..#.# #.# #


You could see Grinder.

Vanquished Creatures
  4 adders (D:2)
  A worm (D:2)
  2 dart slugs
  A leopard gecko (D:2)
  A giant cockroach (D:2)
  2 goblins
  4 hobgoblins
  6 kobolds
  A ball python (D:2)
  2 bats
  2 rats (D:2)
26 creatures vanquished.

Notes
Turn   | Place    | Note
-------+----------+-------------------------------------------
     0 | D:1      | BritishOli the Demonspawn Gladiator began the quest for the
                  | Orb.
     0 | D:1      | Reached XP level 1. HP: 16/16 MP: 1/1
   335 | D:1      | Gained mutation: You are partially covered in large bone
                  | plates. (SH +4) [demonic ancestry]
   335 | D:1      | Reached XP level 2. HP: 15/22 MP: 2/2
   924 | D:2      | Gained mutation: You have large cloven feet. [demonic
                  | ancestry]
   924 | D:2      | Reached XP level 3. HP: 21/28 MP: 3/3
  1469 | D:3      | Found a faded altar of an unknown god.
  1486 | D:3      | Noticed Grinder
  1491 | D:3      | HP: 1/28 [Grinder (1)]
  1492 | D:3      | Slain by Grinder

Levels and vault maps discovered:
D:1:      eino_arrival_cavern_a, layout_basic
D:2:      layout_rooms
D:3:      layout_loops_ring, chequers_ecumenical_altar_simple_redux,
          minmay_quadrilaterals, uniq_grinder

Skill      XL: |  1  2 |
---------------+-------+-----
Throwing       | 2 |  2.4
Long Blades    | 3 |  3.2
Dodging        | 3 |  3.2
Fighting       | |  2.6

Action                   || total
-------------------------++-------
Melee: Long sword        ||    92
       Kick              ||     8
 Stab: Sleeping          ||     1
  Eat: Chunk             ||     1
Armor: Leather armour    ||    18
Dodge: Dodged            ||    62
Block: Other             ||    18
       Rpst.: Long sword ||    18

Table legend:
 A = Non-vault XP
 B = Vault XP
 C = Vault XP percentage of total XP
 D = Non-vault monster count
 E = Vault monster count
 F = Vault count percentage of total count
                 A         B        C        D         E       F
            +---------+---------+-------+---------+---------+-------
      Total |      96 |       0 |   0.0 |      26 |       0 |   0.0
            +---------+---------+-------+---------+---------+-------
        D:1 |      16 |       0 |   0.0 |       8 |       0 |   0.0
        D:2 |      79 |       0 |   0.0 |      17 |       0 |   0.0
        D:3 |       1 |       0 |   0.0 |       1 |       0 |   0.0
            +---------+---------+-------+---------+---------+-------
